 Dungeon Crawl Stone Soup version 0.30.1-11-g7821555f0a (webtiles) character file.

Game seed: 4237285025275577609

645 monsoonserge the Cudgeller (level 7, -19/27 (41) HPs)
             Began as a Tengu Reaver on Jan 13, 2024.
             Was a Believer of Kikubaaqudgha.
             Demolished by an ogre
             ... wielding a +0 giant club
              (32 damage)
             ... on level 5 of the Dungeon.
             The game lasted 00:08:31 (3369 turns).

monsoonserge the Cudgeller (Tengu Reaver)           Turns: 3369, Time: 00:08:32

HP:   -19/27 (41)   AC:  4    Str: 12    XL:     7   Next: 52%
MP:   10/11         EV: 20    Int: 15    God:    Kikubaaqudgha [**....]
Gold: 252           SH:  0    Dex: 13    Spells: 6/10 levels left

rFire   . . .        a - +0 mace
rCold   . . .        (no shield)
rNeg    . . .        z - +2 robe {Archmagi}
rPois   .            (helmet restricted)
rElec   .            (no cloak)
rCorr   +            (no gloves)
SInv    .            (boots unavailable)
Will    .....        (no amulet)
Stlth   +            d - +5 ring of evasion
HPRegen 0.24/turn    l - ring of resist corrosion
MPRegen 0.12/turn

%: archmagi
@: flying quickly and evasively, very heavily drained, quick
A: beak, talons 3, nimble flight
a: Renounce Religion, Unearth Wretches


You were on level 5 of the Dungeon.
You worshipped Kikubaaqudgha.
Kikubaaqudgha was pleased with you.
You visited 1 branch of the dungeon, and saw 5 of its levels.

You collected 252 gold pieces.

Inventory:

Hand Weapons
 a - a +0 mace (weapon)
Missiles
 o - a throwing net
 t - 4 boomerangs
 w - 6 poisoned darts (quivered)
Armour
 z - a +2 robe of the Archmagi (worn)
Magical Staves
 y - a staff of earth
Jewellery
 d - a +5 ring of evasion (left hand)
 f - a ring of fire
 l - a ring of resist corrosion (right hand)
Wands
 x - a wand of flame (6)
Scrolls
 e - 7 scrolls of identify {unknown}
 g - 4 scrolls of enchant armour {unknown}
 j - a scroll of enchant weapon {unknown}
 k - 2 scrolls of poison {unknown}
 m - 4 scrolls of teleportation {unknown}
 n - a scroll of silence {unknown}
 q - a scroll of fear {unknown}
 s - a scroll of amnesia {unknown}
 u - 2 scrolls of immolation {unknown}
Potions
 c - 5 potions of curing {unknown}
 h - 2 potions of lignification {unknown}
 i - a potion of flight {unknown}
 p - a potion of brilliance {unknown}
 r - 4 potions of mutation {unknown}
 v - a potion of ambrosia {unknown}


   Skills:
 + Level 3.2 Fighting
 + Level 6.0 Maces & Flails
 - Level 3.0 Armour
 + Level 3.6 Dodging
 - Level 2.0 Spellcasting
 + Level 4.7 Conjurations
 * Level 3.7 Necromancy


You had 6 spell levels left.
You knew the following spells:

 Your Spells              Type           Power      Damage    Failure   Level
a - Kiss of Death         Conj/Necr      84%        2d11      4%          1
b - Vampiric Draining     Necr           18%        2d7       14%         3

Your spell library contained the following spells:

 Spells                   Type           Power      Damage    Failure   Level
 Necrotise                Necr           72%        1d7       4%          1
 Sublimation of Blood     Necr           18%        N/A       8%          2
 Momentum Strike          Conj/Tloc      26%        3d8       13%         2
 Hailstorm                Conj/Ice       13%        3d5       26%         3
 Dispel Undead            Necr           18%        3d11      43%         4
 Confusing Touch          Hex            2%         N/A       54%         3
 Agony                    Necr           18%        N/A       80%         5


Dungeon Overview and Level Annotations

Branches:
Dungeon (5/15)             Temple (0/1) D:5

Altars:
Ashenzari
Fedhas
Kikubaaqudgha
Vehumet

Annotations:
D:4 Menkaure


Innate Abilities, Weirdness & Mutations

You have a beak for a mouth.
You have claws for feet.
Your magical nature lets you fly swiftly and evasively.


Message History

Level annotation: Menkaure
There is a stone staircase leading down here.
You hit the iguana. You claw the iguana.
The iguana is almost dead.
The iguana completely misses you.
You closely miss the iguana. You claw the iguana, but do no damage.
The iguana is almost dead.
The iguana barely misses you.
You barely miss the iguana. Your peck misses the iguana.
The iguana is almost dead.
The iguana completely misses you.
You hit the iguana but do no damage.
The iguana is almost dead.
The iguana closely misses you.
You hit the iguana.
You kill the iguana!
Kikubaaqudgha accepts your kill.
You start resting.
HP restored.
You fly downwards.
The ogre hits you with a +0 giant club!!
Ouch! That really hurt!
There is a stone staircase leading up, spattered with blood here.
Casting: Kiss of Death (safe; 4% risk of failure)
Confirm with . or Enter, or press ? or * to list all spells.
Aiming: Kiss of Death (safe; 4% risk of failure)
Press: ? - help, Shift-Dir - straight line, f - ogre
Aim: an ogre, wielding a +0 giant club (100% to hit)
You feel a surge of power!
The negative energy hits the ogre.
The ogre is drained!
The ogre is lightly wounded.
You feel drained. The ogre misses you.
You sock the ogre! You claw the ogre. You peck the ogre.
The ogre is severely wounded.
You hit the ogre but do no damage. You claw the ogre.
The ogre is almost dead.
The ogre hits you with a +0 giant club!!
Ouch! That really hurt!
You die...
Kikubaaqudgha rasps: "You have failed me!
Welcome... death!"

#.....##....###...# #.....##..
#.....#####.l##.#.# #.....##..
#.....# ##)...#.# #.....##..
#.....#########...# #.....##..
#.................# #.....##..
#.................###.....##..
#.........................##.#
#.........................#..#
####...(.....@....###.....#.##
#.........O....# #.##.##.#
#..............# #....#..#
#.............## ###...>##
#.............# ##.#.###
#.............# #......
############.## ###.### #.#
#.# # ##.##########.# #


You could see an ogre (drained).

Vanquished Creatures
  A wyvern (D:5)
  An ogre (D:5)
  2 scorpions
  Dowan (D:5)
  A jelly (D:5)
  Ijyb (D:5)
  3 iguanas
  3 adders
  2 ufetubi (D:4)
  3 worms
  5 dart slugs
  2 ball pythons
  7 endoplasms
  A giant cockroach (D:4)
  7 goblins
  7 hobgoblins
  3 jackals (D:2)
  4 kobolds
  3 quokkas
  6 bats
  6 frilled lizards
  2 rats
71 creatures vanquished.

Notes
Turn   | Place    | Note
-------+----------+-------------------------------------------
     0 | D:1      | monsoonserge the Tengu Reaver began the quest for the Orb.
     0 | D:1      | Reached XP level 1. HP: 12/12 MP: 4/4
   356 | D:1      | Reached XP level 2. HP: 12/17 MP: 6/6
   948 | D:2      | Found a faded altar of an unknown god.
   954 | D:2      | Prayed at the altar of an unknown god.
   954 | D:2      | Became a worshipper of Kikubaaqudgha
   954 | D:2      | Reached * piety under Kikubaaqudgha
   954 | D:2      | Received a gift from Kikubaaqudgha
   964 | D:2      | Reached skill level 1 in Necromancy
   964 | D:2      | Reached XP level 3. HP: 22/22 MP: 7/7
  1035 | D:2      | Found a blossoming altar of Fedhas.
  1702 | D:3      | Found a radiant altar of Vehumet.
  1868 | D:3      | Reached XP level 4. HP: 27/27 MP: 8/8
  1913 | D:3      | Found a broken altar of Ashenzari.
  2038 | D:3      | Reached skill level 4 in Maces & Flails
  2042 | D:3      | Reached ** piety under Kikubaaqudgha
  2233 | D:4      | Noticed a scorpion
  2238 | D:4      | Killed a scorpion
  2239 | D:4      | Reached skill level 1 in Armour
  2239 | D:4      | Gained mutation: Your magical nature lets you fly swiftly
                  | and evasively. [Tengu growth]
  2239 | D:4      | Reached XP level 5. HP: 26/31 MP: 7/9
  2259 | D:4      | Learned a level 3 spell: Vampiric Draining
  2669 | D:4      | Noticed Menkaure
  2746 | D:5      | Entered Level 5 of the Dungeon
  2758 | D:5      | Noticed an ogre
  2772 | D:5      | Killed an ogre
  2773 | D:5      | Reached skill level 5 in Maces & Flails
  2773 | D:5      | Reached XP level 6. HP: 30/36 MP: 8/10
  2910 | D:5      | Noticed a wyvern
  2914 | D:5      | HP: 1/36 [wyvern (18)]
  2918 | D:5      | Killed a wyvern
  2919 | D:5      | Reached XP level 7. HP: 3/40 MP: 8/11
  3122 | D:5      | Found a staircase to the Ecumenical Temple.
  3126 | D:5      | Noticed Dowan
  3152 | D:5      | Killed Dowan
  3207 | D:5      | Noticed Ijyb
  3221 | D:5      | Killed Ijyb
  3222 | D:5      | Reached skill level 6 in Maces & Flails
  3369 | D:5      | Demolished by an ogre

Illustrated notes

Levels and vault maps discovered:
D:1:      lemuel_arrival_tunnels, layout_loops_corners
D:2:      layout_loops_ring, basic_altar,
          dreamdust_ecumenical_altar_angels_and_demons
D:3:      layout_basic, nicolae_overflow_crystal_walls, general_overflow_altar,
          minmay_cut_off
D:4:      layout_gridville, serial_rivers, chequers_serial_rivers_small_3,
          chequers_serial_rivers_large_b, chequers_serial_rivers_marsh,
          chequers_serial_rivers_micro_a, chequers_serial_rivers_large_a,
          nicolae_concentric_dashed_squares_mild, uniq_menkaure
D:5:      cheibrodos_quashed, layout_basic, minmay_temple_entry_junction,
          uniq_ijyb, uniq_duvessa

Skill      XL: |  1  2  3  4  5  6  7 |
---------------+----------------------+-----
Necromancy     | 1 2 3 |  3.7
Maces & Flails | 4 5 6 |  6.0
Armour         | 1 2 3 |  3.0
Dodging        | 3 |  3.6
Fighting       | 3 |  3.2
Spellcasting   | |  2.0
Conjurations   | |  4.7

Action                     |  1- 3 |  4- 6 |  7- 9 || total
---------------------------+-------+-------+-------++-------
  Melee: Mace              |    99 |    75 |    27 ||   201
         Peck              |    20 |    17 |     5 ||    42
         Kick              |    16 |    25 |     9 ||    50
         Punch             |       |     1 |       ||     1
  Throw: Dart              |       |       |     2 ||     2
   Cast: Kiss of Death     |       |     4 |     3 ||     7
 Armour: Leather armour    |    16 |     9 |       ||    25
  Dodge: Dodged            |    97 |    73 |    19 ||   189
